 Dungeon Crawl Stone Soup version 0.23-a0-494-g91793a9 (webtiles) character file.

520 zishaf the Changer (level 7, -16/35 HPs)
             Began as a Vine Stalker Transmuter on Dec 3, 2018.
             Was a Follower of Qazlal.
             Killed from afar by a gnoll (23 damage)
             ... with a wand of acid (8)
             ... on level 5 of the Dungeon.
             The game lasted 00:09:59 (4607 turns).

zishaf the Changer (Vine Stalker Transmuter)        Turns: 4607, Time: 00:10:00

Health: -16/35     AC:  4    Str: 13    XL:     7   Next: 21%
Magic:  0/11       EV: 13    Int: 14    God:    Qazlal [*.....]
Gold:   247        SH:  2    Dex: 15    Spells: 7/10 levels left

rFire    + . .     SeeInvis .     - Unarmed
rCold    x . .     Gourm    .   (no shield)
rNeg     . . .     Faith    .   w - +0 leather armour
rPois    .         Spirit   +   (no helmet)
rElec    .         Reflect  .   (no cloak)
rCorr    .         Harm     .   c - +0 pair of gloves
MR       .....                  (no boots)
Stlth    +.........             (no amulet)
HPRegen  0.51/turn              D - ring of fire
MPRegen  0.12/turn              y - ring of flight

@: no status effects
A: fangs 2, regeneration 1, magic shield, antimagic bite, no potion heal 3, rot
immunity
a: Renounce Religion, Evoke Flight


You were on level 5 of the Dungeon.
You worshipped Qazlal.
Qazlal was aware of your devotion.
You were not hungry.

You visited 2 branches of the dungeon, and saw 6 of its levels.

You collected 247 gold pieces.

Inventory:

Hand Weapons
 t - a +0 hunting sling
 C - a +2 hand axe of holy wrath
Missiles
 a - 48 arrows
 j - 5 tomahawks of returning (quivered)
 o - 7 tomahawks
 u - 69 stones
Armour
 b - a +0 robe
 c - a +0 pair of gloves (worn)
 w - a +0 leather armour (worn)
Jewellery
 y - a ring of flight (right hand)
 D - a ring of fire (left hand)
Wands
 A - a wand of enslavement (6)
Scrolls
 e - 3 scrolls of teleportation {unknown}
 f - a scroll of fog {unknown}
 g - a scroll of noise {unknown}
 i - 6 scrolls of remove curse {unknown}
 l - 4 scrolls of enchant armour {unknown}
 n - 6 scrolls of identify {unknown}
 p - a scroll of enchant weapon {unknown}
 r - a scroll of immolation {unknown}
 v - a scroll of random uselessness {unknown}
Potions
 h - 3 potions of flight {unknown}
 k - a potion of ambrosia {unknown}
 m - 2 potions of curing {unknown}
 q - 2 potions of mutation {unknown}
 s - a potion of agility {unknown}
 x - a potion of degeneration {unknown}
 z - a potion of magic {unknown}
 B - a potion of heal wounds {unknown}
 E - a potion of haste {unknown}
Comestibles
 d - 11 rations
 F - a chunk of flesh


   Skills:
 + Level 2.9 Fighting
 + Level 1.2 Armour
 + Level 3.1 Dodging
 - Level 4.0 Unarmed Combat
 - Level 2.1 Spellcasting
 * Level 5.0 Transmutations


You had 7 spell levels left.
You knew the following spells:

 Your Spells              Type           Power        Failure   Level  Hunger
a - Beastly Appendage     Tmut           ###...       3%          1    #......
b - Sticks to Snakes      Tmut           ###.....     5%          2    ###....

Your spell library contained the following spells:

 Spells                   Type           Power        Failure   Level  Hunger
 Summon Small Mammal      Summ           #...         30%         1    #......
 Spider Form              Tmut/Pois      #.........   32%         3    ###....
 Call Imp                 Summ           #.......     41%         2    ###....
 Call Canine Familiar     Summ           #.......     65%         3    ###....
 Summon Guardian Golem    Hex/Summ       #.......     65%         3    ###....
 Ice Form                 Ice/Tmut       #.......     71%         4    #####..
 Blade Hands              Tmut           ###.......   71%         5    ######.
 Summon Ice Beast         Ice/Summ       #.......     96%         4    #####..
 Summon Lightning Spire   Summ/Air       #.......     96%         4    #####..


Dungeon Overview and Level Annotations

Branches:
Dungeon (5/15)             Temple (1/1) D:4

Altars:
Ashenzari
Cheibriados
Dithmenos
Elyvilon
Fedhas
Gozag
Hepliaklqana
Kikubaaqudgha
Nemelex Xobeh
Okawaru
Qazlal
Ru
Sif Muna
Trog
Uskayaw
Vehumet
Wu Jian
Xom
Yredelemnul
Zin
The Shining One


Innate Abilities, Weirdness & Mutations

You have extremely sharp teeth.
Your natural rate of healing is unusually fast.
When hurt, damage is shared between your health and your magic reserves.
Your bite disrupts and absorbs the magic of your enemies.
Potions cannot restore your health.
You are immune to rotting.


Message History

The gnoll hits you with a +0 club.
You closely miss the gnoll. You bite the gnoll.
You kill the gnoll!
Qazlal accepts your kill.
The gnoll zaps a wand.
The bolt of acid hits you!
You are splashed with acid!
The acid burns!
* * * LOW HITPOINT WARNING * * *
You are too injured to fight recklessly!
You are too injured to fight recklessly!
You are too injured to fight recklessly!
You hear a shout!
The gnoll throws a stone.
The stone hits you.
* * * LOW HITPOINT WARNING * * *
You see here a stone.
A gnoll comes into view. It is wielding a +0 club.
The gnoll shouts!
The gnoll hits you with a +0 club.
The gnoll zaps a wand.
The bolt of acid hits you!
Ouch! That really hurt!
You die...

#.#.#.# #... #.#.#.# ####
#.#...# #.##### ### #..
..# ######## ### #.#
#....... #######.#######
#.###### ......g........
#...รท...
#########@################
.....g).(.......... .....
#########.################
....................#
.#######.##.......#.#####
#.###.####.#...... #.###.#
#.####### #.....#
#........ #####.#
#########


You could see 2 gnolls.

Vanquished Creatures
  A scorpion (D:5)
  A centaur skeleton (D:4)
  2 hounds
  An orc priest (D:3)
  An orc wizard (D:5)
  2 worker ants
  A worker ant zombie (D:4)
  6 gnolls
  7 adders
  2 oozes (D:3)
  An adder zombie (D:5)
  3 worms
  A dart slug (D:1)
  7 leopard geckos
  10 orcs
  2 ball pythons (D:1)
  7 giant cockroaches
  11 goblins
  4 hobgoblins
  11 jackals
  2 quokkas
  19 bats
  6 frilled lizards
  A jackal skeleton (D:4)
  5 kobolds
  A leopard gecko skeleton (D:4)
  5 rats
120 creatures vanquished.

Vanquished Creatures (collateral kills)
  A gnoll (D:2)
1 creature vanquished.

Vanquished Creatures (others)
  A leopard gecko (D:3)
  A rat (D:3)
2 creatures vanquished.

Grand Total: 123 creatures vanquished

Notes
Turn   | Place    | Note
-------+----------+-------------------------------------------
     0 | D:1      | zishaf the Vine Stalker Transmuter began the quest for the
                  | Orb.
     0 | D:1      | Reached XP level 1. HP: 9/9 MP: 4/4
    20 | D:1      | Reached skill level 1 in Fighting
   291 | D:1      | Reached XP level 2. HP: 14/14 MP: 6/6
   580 | D:1      | Reached XP level 3. HP: 15/18 MP: 5/7
  1161 | D:2      | Found an iron altar of Okawaru.
  1177 | D:2      | Found a white marble altar of Elyvilon.
  1566 | D:2      | Learned a level 2 spell: Sticks to Snakes
  1569 | D:2      | Reached skill level 3 in Transmutations
  1691 | D:2      | Gained mutation: Your natural rate of healing is unusually
                  | fast. [Vine Stalker growth]
  1691 | D:2      | Reached XP level 4. HP: 7/22 MP: 1/8
  1784 | D:2      | HP: 1/23 [gnoll/+0 spear (4)]
  2004 | D:2      | Found a shimmering altar of Xom.
  2355 | D:3      | Reached XP level 5. HP: 23/26 MP: 9/9
  2661 | D:3      | Reached skill level 4 in Transmutations
  2774 | D:3      | Reached XP level 6. HP: 28/30 MP: 8/10
  2876 | D:3      | Found a glowing golden altar of the Shining One.
  3028 | D:4      | Found a staircase to the Ecumenical Temple.
  3040 | Temple   | Entered the Ecumenical Temple
  3143 | Temple   | Became a worshipper of Qazlal Stormbringer
  3732 | D:4      | Reached * piety under Qazlal
  3894 | D:5      | Entered Level 5 of the Dungeon
  4012 | D:5      | Reached skill level 1 in Armour
  4031 | D:5      | Reached XP level 7. HP: 35/35 MP: 9/11
  4406 | D:5      | Found a glowing silver altar of Zin.
  4540 | D:5      | Reached skill level 5 in Transmutations
  4607 | D:5      | Killed from afar by a gnoll

Vault maps used:
D:1:      elethiomel_arrival_infinity_welcomes_careful_drivers
D:2:      okawaru_trees_1, elyvilon_altar_4, nicolae_overflow_crystal_walls,
          first_ration
D:3:      tso_oasis_becter, lemuel_old_faithful
D:4:      minmay_temple_entry_glassed_door, hangedman_decor_riveting,
          grunt_ministairs_9, minmay_fractal_squares_gapless_5
D:5:      basic_altar, minmay_statues_item
Temple:   minmay_crystal_spiral_temple

Skill      XL: |  1  2  3  4  5  6  7 |
---------------+----------------------+-----
Fighting       | 1 2 |  2.9
Dodging        | 2 3 |  3.1
Transmutations | 3 4 5 |  5.0
Unarmed Combat | 4 |  4.0
Armour         | 1 |  1.2
Spellcasting   | |  2.1

Action                   |  1- 3 |  4- 6 |  7- 9 || total
-------------------------+-------+-------+-------++-------
Melee: Unarmed           |    95 |   333 |    46 ||   474
       Bite              |    22 |    81 |    16 ||   119
       Punch             |     1 |     7 |       ||     8
 Fire: Hunting sling     |       |    12 |       ||    12
Throw: Tomahawk          |    14 |     3 |       ||    17
 Cast: Sticks to Snakes  |     4 |     3 |       ||     7
       Beastly Appendage |       |     1 |       ||     1
 Stab: Sleeping          |     2 |     2 |       ||     4
       Distracted        |     2 |     1 |       ||     3
  Eat: Chunk             |     2 |     9 |     2 ||    13
Armor: Robe              |    20 |    38 |       ||    58
       Leather armour    |       |    32 |     7 ||    39
Dodge: Dodged            |    68 |   240 |    39 ||   347

Table legend:
 A = Non-vault XP
 B = Vault XP
 C = Vault XP percentage of total XP
 D = Non-vault monster count
 E = Vault monster count
 F = Vault count percentage of total count
                 A         B        C        D         E       F
            +---------+---------+-------+---------+---------+-------
      Total |     699 |      45 |   6.0 |     118 |       3 |   2.5
            +---------+---------+-------+---------+---------+-------
        D:1 |      47 |       0 |   0.0 |      27 |       0 |   0.0
        D:2 |     113 |       0 |   0.0 |      24 |       0 |   0.0
        D:3 |     168 |       0 |   0.0 |      33 |       0 |   0.0
        D:4 |     117 |      45 |  27.8 |      18 |       3 |  14.3
        D:5 |     254 |       0 |   0.0 |      16 |       0 |   0.0
            +---------+---------+-------+---------+---------+-------
